 Dungeon Crawl Stone Soup version 0.29.1-15-g9cfb28693d (webtiles) character file.

Game seed: 1988108348289620282

234 protoss039 the Digger (level 5, -1/40 HPs)
             Began as a Demonspawn Earth Elementalist on Mar 12, 2023.
             Slain by a lemure (5 damage)
             ... led by Pikel
             ... on level 3 of the Dungeon.
             The game lasted 00:03:20 (3300 turns).

protoss039 the Digger (DsEE)                        Turns: 3300, Time: 00:03:20

Health: -1/40      AC:  7    Str:  7    XL:     5   Next: 75%
Magic:  4/10       EV: 11    Int: 23    God:
Gold:   110        SH:  0    Dex: 10    Spells: 4/10 levels left

rFire   + . .      SeeInvis .   o - +0 short sword (flame)
rCold   + . .      Faith    .   (no shield)
rNeg    . . .      Spirit   .   c - +0 leather armour
rPois   +          Reflect  .   v - +2 hat
rElec   +          Harm     .   p - +2 cloak {rCorr}
rCorr   +          Rampage  .   (no gloves)
Will    .....                   d - +0 pair of boots
Stlth   +.........              (no amulet)
HPRegen 0.13/turn               (no ring)
MPRegen 0.12/turn               (no ring)

@: resistant, flying
A: claws 1, spiny 1, clever 1, clumsy 1, deformed body, MP-powered wands
a: no special abilities


You were on level 3 of the Dungeon.
You visited 1 branch of the dungeon, and saw 4 of its levels.

You collected 110 gold pieces.

Inventory:

Hand Weapons
 o - a +0 short sword of flaming (weapon)
Armour
 c - a +0 leather armour (worn)
 d - a +0 pair of boots (worn)
 p - a +2 cloak of preservation (worn)
 v - a +2 hat (worn)
Magical Staves
 n - a staff of cold
Jewellery
 r - a +4 ring of protection
Wands
 t - a wand of light (2)
 w - a wand of flame (9)
Scrolls
 e - a scroll of amnesia {unknown}
 f - 3 scrolls of identify {unknown}
 h - a scroll of immolation {unknown}
 i - 2 scrolls of fog {unknown}
 j - a scroll of enchant weapon {unknown}
 l - 3 scrolls of teleportation {unknown}
 s - a scroll of silence {unknown}
Potions
 a - a potion of curing {unknown}
 b - 2 potions of magic
 g - a potion of flight
 k - a potion of lignification {unknown}
 m - 2 potions of mutation
 q - a potion of resistance
 u - a potion of degeneration {unknown}


   Skills:
 + Level 2.8 Fighting
 * Level 1.1 Armour
 - Level 1.7 Dodging
 - Level 1.7 Stealth
 + Level 3.4 Spellcasting
 + Level 0.8 Conjurations
 - Level 0.8 Transmutations
 + Level 3.9 Earth Magic


You had 4 spell levels left.
You knew the following spells:

 Your Spells              Type           Power      Damage    Failure   Level
a - Sandblast             Erth           44%        2d11      3%          1
b - Passwall              Tmut/Erth      12%        N/A       9%          2
c - Stone Arrow           Conj/Erth      28%        3d8       19%         3

Your spell library contained the following spells:

 Spells                   Type           Power      Damage    Failure   Level
 Gell's Gravitas          Tloc           3%         N/A       43%         3
 Teleport Other           Tloc           3%         N/A       43%         3
 Petrify                  Tmut/Erth      15%        N/A       52%         4
 Dispersal                Tloc           1%         N/A       100%        6


Dungeon Overview and Level Annotations

Branches:
Dungeon (4/15) Zot: 20675
 Temple: D:4-7

Altars:

Annotations:
D:4 Pikel


Innate Abilities, Weirdness & Mutations

You have sharp fingernails.
You are partially covered in sharp spines.
Your mind is acute. (Int +4, Str/Dex -1)
You are clumsy. (Dex -2)
Armour fits poorly on your strangely shaped body.
You expend magic power (3 MP) to strengthen your wands.


Message History

The lemure barely misses you.
Unknown command.
It was a potion of flight.
You feel very buoyant.
You fly up into the air.
The lemure closely misses you.
Unknown command.
It was a potion of resistance.
You feel protected. The lemure closely misses you.
Unknown command.
Aiming: Bolt of Light
Press: ? - help, Shift-Dir - straight line, f/p - lemure
Aim: a lemure (moderately wounded, 64% to hit)
You feel a surge of power!
The bolt of light misses the lemure. x2
The lemure is struck by your spines. The lemure barely misses you.
Unknown command.
Aiming: Bolt of Light
Press: ? - help, Shift-Dir - straight line, f/p - lemure
Aim: a lemure (moderately wounded, 64% to hit)
You feel a surge of power!
The bolt of light hits the lemure!
The lemure is almost dead.
The lemure is blinded.
The bolt of light hits the lemure!
The lemure is severely wounded.
The lemure is blinded.
The lemure closely misses you.
You hit the lemure. You burn the lemure.
You kill the lemure!
That felt strangely unrewarding.
Unknown command.
You barely miss the lemure.
The lemure is severely wounded.
The lemure closely misses you.
Unknown command.
You hit the lemure. You burn the lemure.
The lemure is severely wounded.
The lemure barely misses you.
Unknown command.
You hit the lemure. You burn the lemure.
The lemure is almost dead.
The lemure hits you.
You die...

#...........#
#.....>.....#
#...........#
##..8.....8..# ###
#)...........#
..#####.###.####...#
#........##.####..##
#..##.........##5##
...†..##.##.#.##@#
#..#####.#.......#
...#####.#.......#
##.......#.##.##.#
#########....##.#
#.<...# #.#####.#
##.....# #.#####.#
.......# #.......#
.#.....# #.#######


You could see a lemure (blind).

Vanquished Creatures
  A phantom (D:4)
  A lemure (D:3)
  A hound (D:3)
  Terence (D:3)
  4 gnolls (D:3)
  2 adders
  A worm (D:3)
  A dart slug (D:3)
  5 orcs
  A bat (D:1)
  6 endoplasms
  A giant cockroach (D:1)
  A goblin (D:3)
  4 hobgoblins
  3 jackals (D:2)
  2 ball pythons
  4 frilled lizards
  3 kobolds (D:4)
  4 rats
46 creatures vanquished.

Notes
Turn   | Place    | Note
-------+----------+-------------------------------------------
     0 | D:1      | protoss039 the Demonspawn Earth Elementalist began the
                  | quest for the Orb.
     0 | D:1      | Reached XP level 1. HP: 13/13 MP: 3/3
   370 | D:1      | Found a faded altar of an unknown god.
   521 | D:1      | You fall into a shaft and drop 1 floor!
   534 | D:2      | Gained mutation: You are partially covered in sharp spines.
                  | [demonic ancestry]
   534 | D:2      | Reached XP level 2. HP: 20/20 MP: 3/5
   784 | D:2      | Reached skill level 1 in Fighting
  1485 | D:2      | Learned a level 2 spell: Passwall
  1688 | D:3      | Reached XP level 3. HP: 26/26 MP: 4/6
  1830 | D:3      | Gained mutation: You have sharp fingernails. [demonic
                  | ancestry]
  1830 | D:3      | Reached XP level 4. HP: 22/33 MP: 4/8
  1954 | D:3      | Noticed Terence
  1969 | D:3      | Killed Terence
  2596 | D:3      | Reached XP level 5. HP: 25/39 MP: 9/9
  2961 | D:3      | Learned a level 3 spell: Stone Arrow
  3118 | D:4      | Noticed a phantom
  3130 | D:4      | Killed a phantom
  3131 | D:4      | Reached skill level 1 in Armour
  3266 | D:4      | Noticed Pikel
  3266 | D:4      | Noticed a lemure
  3266 | D:4      | Noticed a lemure
  3266 | D:4      | Noticed a lemure
  3266 | D:4      | Noticed a lemure
  3292 | D:3      | Gained mutation: You are clumsy. (Dex -2) [potion of
                  | mutation]
  3292 | D:3      | Gained mutation: You expend magic power (3 MP) to
                  | strengthen your wands. [potion of mutation]
  3292 | D:3      | Gained mutation: Armour fits poorly on your strangely
                  | shaped body. [potion of mutation]
  3292 | D:3      | Gained mutation: Your mind is acute. (Int +4, Str/Dex -1)
                  | [potion of mutation]
  3297 | D:3      | Killed a lemure
  3300 | D:3      | Slain by a lemure

Illustrated notes

Levels and vault maps discovered:
D:1:      dpeg_arrival_three_same_balls, layout_rooms, serial_co_window_serial,
          co_window_corner_a, co_window_paths_b, co_window_paths_a,
          co_window_corner_a, co_window_paths_a, co_window_paths_a,
          co_window_corner_a, co_window_2corner, co_window_of_opportunity_c,
          co_window_unsneaky_path_e, co_window_broadway_b, co_window_corner_ca,
          glass_columns_b, glass_columns_a, glass_columns_a,
          hellmonk_ecumenical_altar_heavens_door
D:2:      layout_basic
D:3:      layout_loops_cross, st_stairs_1, corexii_shack, uniq_terence
D:4:      layout_gridville, minmay_overflow_temple_star_hex,
          dk_rats_in_the_wall, uniq_pikel, uniq_sigmund, uniq_eustachio

Skill      XL: |  1  2  3  4  5 |
---------------+----------------+-----
Earth Magic    | 3 |  3.9
Fighting       | 1 2 |  2.8
Spellcasting   | 3 |  3.4
Armour         | 1 |  1.1
Dodging        | |  1.7
Stealth        | |  1.7
Conjurations   | |  0.8
Transmutations | |  0.8

Action                   |  1- 3 |  4- 6 || total
-------------------------+-------+-------++-------
Melee: Dagger            |    21 |       ||    21
       Staff             |     2 |       ||     2
       Punch             |     2 |     1 ||     3
       Short sword       |     9 |    68 ||    77
 Cast: Sandblast         |    29 |     7 ||    36
Evoke: Wand              |       |     2 ||     2
  Use: Potion            |       |     3 ||     3
 Stab: Sleeping          |     1 |       ||     1
Armor: Leather armour    |    17 |    33 ||    50
Dodge: Dodged            |    25 |    24 ||    49
